[Event "Thursday 05 April Rapid Engine Tour 12+1 Rounds 9 Starts 1600ST"]
[Site "Infinity Chess"]
[Date "2018.4.5"]
[Round "2"]
[White "Marsell"]
[Black "ivrdurant"]
[Result "1/2-1/2"]
[ECO "C53"]
[WhiteElo "2466"]
[BlackElo "2467"]
[WhiteEngine "asmFishW_2018-04-02_bmi2"]
[BlackEngine "Raubfisch ME262_GTZ16d4"]
[EventType "Swiss"]
[WhiteTeam ""]
[BlackTeam ""]
[PlyCount "132"]
[TimeControl "720+1"]

1. e4 e5 2. Nf3 Nc6 3. Bc4 Bc5 4. c3 Nf6 5. d3 a5 6. O-O d6 7. Bg5 Ba7 
8. Nbd2 Bd7 9. Bh4 h6 10. a4 Qe7 11. Bg3 Nh5 12. Kh1 O-O 13. h3 Nxg3+ 
14. fxg3 Be3 15. Kh2 Bxd2 16. Nxd2 Nd8 17. Qc2 Be6 18. Qb3 b6 19. Bd5 Rb8 
20. Nc4 c6 21. Bxe6 Nxe6 22. Qd1 Kh7 23. Ne3 f6 24. Qc2 Kh8 25. d4 exd4 
26. Nf5 Qd7 27. cxd4 Ng5 28. Rac1 Rbc8 29. h4 Nf7 30. Qb3 Rb8 31. Qf3 c5 
32. Qg4 Rg8 33. Rcd1 Qe8 34. b3 Rb7 35. Qf4 Qe6 36. dxc5 dxc5 37. Rd5 Re8 
38. Re1 Rd7 39. Red1 Ra7 40. Re1 Rd7 41. Red1 Ra7 42. Nd6 Nxd6 43. Rxd6 Qxb3 
44. e5 fxe5 45. Qe4 Qf7 46. Rxb6 Rd7 47. Rxd7 Qxd7 48. Ra6 Qc7 49. Rc6 Qe7 
50. Ra6 Qd8 51. Ra7 Qb6 52. Rb7 Qd8 53. Qc6 Re7 54. Rb5 e4 55. Qxc5 e3 
56. Rb8 Qxb8 57. Qxe7 Qb4 58. Qxe3 Qxa4 59. Qe5 Qb4 60. Qe8+ Kh7 61. Qe5 a4 
62. Qf5+ Kg8 63. Qe6+ Kh7 64. Qf5+ Kg8 65. Qc8+ Kf7 66. Qf5+ Kg8 1/2-1/2

[Event "Thursday 05 April Rapid Engine Tour 12+1 Rounds 9 Starts 1600ST"]
[Site "Infinity Chess"]
[Date "2018.4.5"]
[Round "2"]
[White "hafaba"]
[Black "SkyPilot"]
[Result "1/2-1/2"]
[ECO "E60"]
[WhiteElo "2468"]
[BlackElo "2478"]
[WhiteEngine "Eman 1.70-beta15 64-bit POPCNT"]
[BlackEngine "stockfish_x64_bmi2_2018_03_30_CTG"]
[EventType "Swiss"]
[WhiteTeam ""]
[BlackTeam ""]
[PlyCount "146"]
[TimeControl "720+1"]

1. d4 Nf6 2. c4 g6 3. Nf3 d6 4. Nc3 Bg7 5. e4 O-O 6. h3 e5 7. d5 Nbd7 8. Bd3 Nh5 
9. Bc2 Ndf6 10. g3 c6 11. a4 cxd5 12. cxd5 Bd7 13. Kf1 Ne8 14. Bg5 Qc8 
15. Be7 Bxh3+ 16. Kg1 Bg4 17. Bd3 Nhf6 18. Kg2 h5 19. Qe1 Qc7 20. Bxf8 Bxf8 
21. Nd2 Qd8 22. f3 Bd7 23. Qe3 Kh7 24. Qf2 Bh6 25. Nc4 Kg7 26. Ra3 b6 27. b4 Bg5 
28. b5 h4 29. g4 Rc8 30. Ne3 Nh7 31. Ne2 Nef6 32. Kg1 Rc7 33. Kg2 Bc8 
34. Rxh4 Bxh4 35. Qxh4 Qe7 36. Kh3 Qd8 37. Nc4 Rc5 38. Kg2 Qe7 39. Rc3 Nxd5 
40. Qxe7 Nxe7 41. Nxd6 Rxc3 42. Nxc3 Be6 43. Kf2 Ng5 44. Bb1 Bb3 45. Ne8+ Kf8 
46. Nc7 Ne6 47. Nxe6+ Bxe6 48. g5 Nc8 49. Ke3 Ke7 50. f4 exf4+ 51. Kxf4 Nd6 
52. Ba2 Bxa2 53. Nxa2 Nc4 54. Nb4 Nb2 55. Ke5 Nxa4 56. Nc6+ Kd7 57. Kf6 Ke8 
58. Nxa7 Nc3 59. Ke5 Na4 60. Kd6 Nc5 61. Kd5 Kd7 62. Ke5 Ke8 63. Nc8 Na4 
64. Kf6 Kd7 65. Kxf7 Kxc8 66. e5 Nc5 67. e6 Ne4 68. Kxg6 Kd8 69. Kf5 Nd6+ 
70. Ke5 Nxb5 71. g6 Na7 72. g7 Nc6+ 73. Kd5 Ne7+ 1/2-1/2

[Event "Thursday 05 April Rapid Engine Tour 12+1 Rounds 9 Starts 1600ST"]
[Site "Infinity Chess"]
[Date "2018.4.5"]
[Round "2"]
[White "THE_MACHINE"]
[Black "Eman"]
[Result "1/2-1/2"]
[ECO "B90"]
[WhiteElo "2484"]
[BlackElo "2494"]
[WhiteEngine "BrainFish_180404_x64_bmi2"]
[BlackEngine "Eman 1.70-beta15 64-bit POPCNT"]
[EventType "Swiss"]
[WhiteTeam ""]
[BlackTeam ""]
[PlyCount "62"]
[TimeControl "720+1"]

1. e4 c5 2. Nf3 d6 3. d4 cxd4 4. Nxd4 Nf6 5. Nc3 a6 6. Be3 e5 7. Nb3 Be6 
8. Be2 Be7 9. Qd3 O-O 10. O-O Nc6 11. a3 Rc8 12. Nd5 Nd7 13. h3 Bg5 14. Bg4 Bxg4 
15. hxg4 Bxe3 16. Nxe3 Qg5 17. Qd2 Nf6 18. f3 h5 19. Nd5 Qg6 20. Nxf6+ gxf6 
21. c3 Kg7 22. Rad1 hxg4 23. fxg4 Rcd8 24. Rf3 Rh8 25. Rdf1 Qh7 26. g5 Qh1+ 
27. Kf2 Qh4+ 28. Kg1 Qh1+ 29. Kf2 Qh4+ 30. Kg1 Qh2+ 31. Kf2 Qh4+ 1/2-1/2

[Event "Thursday 05 April Rapid Engine Tour 12+1 Rounds 9 Starts 1600ST"]
[Site "Infinity Chess"]
[Date "2018.4.5"]
[Round "2"]
[White "MarioDeMonti"]
[Black "Murx"]
[Result "1/2-1/2"]
[ECO "D31"]
[WhiteElo "2499"]
[BlackElo "2504"]
[WhiteEngine "stockfish_x64_bmi2_2018_02_18_CTG"]
[BlackEngine "BrainFish_180404_x64_modern"]
[EventType "Swiss"]
[WhiteTeam ""]
[BlackTeam ""]
[PlyCount "72"]
[TimeControl "720+1"]

1. d4 d5 2. c4 e6 3. Nc3 c6 4. e3 Nf6 5. Nf3 Nbd7 6. Qc2 Bd6 7. Bd3 O-O 
8. O-O dxc4 9. Bxc4 a6 10. Rd1 b5 11. Bd3 Bb7 12. Ng5 h6 13. Nge4 Bc7 14. a3 a5 
15. Bd2 c5 16. dxc5 Bxh2+ 17. Kxh2 Ng4+ 18. Kh3 f5 19. Be2 b4 20. Be1 bxc3 
21. Ng3 Qc7 22. Qxc3 Ndf6 23. c6 Ne4 24. cxb7 Ng5+ 25. Kh4 Qe7 26. Nxf5 exf5 
27. Qc4+ Kh8 28. Bxg4 Ne4+ 29. Kh3 fxg4+ 30. Kh2 Qh4+ 31. Kg1 Nxf2 
32. Bxf2 Qxf2+ 33. Kh2 Qh4+ 34. Kg1 Qf2+ 35. Kh2 Qh4+ 36. Kg1 Qf2+ 1/2-1/2

[Event "Thursday 05 April Rapid Engine Tour 12+1 Rounds 9 Starts 1600ST"]
[Site "Infinity Chess"]
[Date "2018.4.5"]
[Round "2"]
[White "Brtroy"]
[Black "xeonrocks"]
[Result "1/2-1/2"]
[ECO "D31"]
[WhiteElo "2511"]
[BlackElo "2547"]
[WhiteEngine "Stockfish_18040103_x64_bmi2_CTG"]
[BlackEngine "Stockfish_x64_bmi2_CTG"]
[EventType "Swiss"]
[WhiteTeam ""]
[BlackTeam ""]
[PlyCount "122"]
[TimeControl "720+1"]

1. d4 d5 2. c4 e6 3. Nc3 c6 4. Nf3 Nf6 5. e3 Nbd7 6. Qc2 Bd6 7. Bd3 dxc4 
8. Bxc4 O-O 9. O-O a6 10. a4 c5 11. dxc5 Bxc5 12. b3 b6 13. Ne4 Be7 14. Bb2 Bb7 
15. Ng3 Bb4 16. Rfd1 Qe7 17. Rd4 Bc5 18. Rh4 h6 19. e4 b5 20. Bd3 Rfd8 
21. Qe2 Ne8 22. Nh5 Ndf6 23. Nf4 bxa4 24. Rxa4 Bc6 25. Rc4 Bb5 26. Rc1 Bb6 
27. h3 Qa7 28. Bxb5 axb5 29. e5 Nd5 30. Nxd5 Rxd5 31. Rc2 Rad8 32. Kh2 Rc5 
33. Rd2 Rxd2 34. Qxd2 Qb8 35. Bd4 Rd5 36. g3 Qb7 37. Qe3 Bd8 38. Rg4 h5 
39. Re4 g6 40. Qf4 Nc7 41. Re2 Be7 42. Qe4 b4 43. Rc2 Nb5 44. Kg2 Qa6 
45. Rc1 Kf8 46. Rc4 Na3 47. Rc7 Nb5 48. Rc4 Nxd4 49. Nxd4 Bc5 50. Qf4 Bxd4 
51. Rxd4 Rxd4 52. Qxd4 Qb7+ 53. Kg1 Kg7 54. Qf4 Kh7 55. Qh4 Kg8 56. Qf6 Qd5 
57. Kh2 Qxb3 58. Qd8+ Kg7 59. Qf6+ Kg8 60. Qd8+ Kg7 61. Qf6+ Kg8 1/2-1/2

[Event "Thursday 05 April Rapid Engine Tour 12+1 Rounds 9 Starts 1600ST"]
[Site "Infinity Chess"]
[Date "2018.4.5"]
[Round "1"]
[White "Deep_Impact"]
[Black "koalachess"]
[Result "1/2-1/2 "]
[ECO "C11"]
[WhiteElo "2461"]
[BlackElo "2248"]
[WhiteEngine "asmFishW_2018-04-01_popcnt"]
[BlackEngine "asmFishW_2017-11-19_popcnt_CTG"]
[EventType "Swiss"]
[WhiteTeam ""]
[BlackTeam ""]
[PlyCount "70"]
[TimeControl "720+1"]

1. e4 e6 2. d4 d5 3. Nc3 Nf6 4. e5 Nfd7 5. f4 c5 6. Nf3 Nc6 7. Be3 cxd4 
8. Nxd4 Qb6 9. Qd2 Qxb2 10. Rb1 Qa3 11. Bb5 Nxd4 12. Bxd4 a6 13. Bxd7+ Bxd7 
14. Rb3 Qe7 15. Rxb7 Rc8 16. O-O Qd8 17. f5 exf5 18. Qd3 Bc5 19. Bxc5 Rxc5 
20. Nxd5 Bc8 21. Re7+ Kf8 22. Qa3 Qa5 23. Qxa5 Rxa5 24. Rc7 Be6 25. Nf4 Rxe5 
26. Nxe6+ Rxe6 27. Rxf5 Re7 28. Rc8+ Re8 29. Rfc5 Ke7 30. R8c6 g6 31. a4 Ra8 
32. Rc7+ Kf6 33. Rc4 Kg7 34. Rf4 Rhf8 35. c4 Rab8 1/2-1/2

[Event "Thursday 05 April Rapid Engine Tour 12+1 Rounds 9 Starts 1600ST"]
[Site "Infinity Chess"]
[Date "2018.4.5"]
[Round "1"]
[White "angriff"]
[Black "Marsell"]
[Result "1/2-1/2"]
[ECO "C55"]
[WhiteElo "2380"]
[BlackElo "2470"]
[WhiteEngine "DracoREX 3.07 64BIT POPCNT_CTG"]
[BlackEngine "asmFishW_2018-04-02_bmi2"]
[EventType "Swiss"]
[WhiteTeam ""]
[BlackTeam ""]
[PlyCount "124"]
[TimeControl "720+1"]

1. e4 e5 2. Nf3 Nc6 3. Bc4 Nf6 4. d3 Bc5 5. O-O d6 6. c3 O-O 7. h3 a6 8. Re1 Ba7 
9. a4 h6 10. Nbd2 Nh5 11. Nf1 Qf6 12. N1h2 Qg6 13. g4 Be6 14. Bb3 Nf6 
15. Nh4 Qh7 16. N2f3 g6 17. Kg2 Rab8 18. Bd2 a5 19. Bc2 Rfe8 20. b4 axb4 
21. cxb4 Qg7 22. a5 Nd4 23. Nxd4 Bxd4 24. Rc1 c6 25. Nf3 Ba7 26. Bb3 Bd7 
27. Bc3 Be6 28. Bd2 Nd7 29. Bxe6 fxe6 30. g5 h5 31. Be3 Ra8 32. d4 exd4 
33. Nxd4 e5 34. Nxc6 Bxe3 35. fxe3 bxc6 36. Rxc6 Qe7 37. h4 Nf8 38. Rf1 Rab8 
39. a6 Rxb4 40. Rxd6 Kh8 41. Qd5 Rb2+ 42. Kh1 Qa7 43. Rf7 Rb1+ 44. Kg2 Rb2+ 
45. Rf2 Rxf2+ 46. Kxf2 Kg7 47. Ke2 Re7 48. Qb5 Qc7 49. Rc6 Qd7 50. Qc5 Qg4+ 
51. Kd2 Rd7+ 52. Rd6 Rf7 53. Rf6 Qd7+ 54. Kc1 Re7 55. Kb2 Qd2+ 56. Ka1 Qd1+ 
57. Ka2 Qd2+ 58. Ka1 Qd1+ 59. Ka2 Qe2+ 60. Ka1 Qe1+ 61. Ka2 Qe2+ 62. Ka1 Qd1+ 
1/2-1/2

[Event "Thursday 05 April Rapid Engine Tour 12+1 Rounds 9 Starts 1600ST"]
[Site "Infinity Chess"]
[Date "2018.4.5"]
[Round "1"]
[White "ivrdurant"]
[Black "Vimtiroba"]
[Result "1/2-1/2"]
[ECO "C50"]
[WhiteElo "2470"]
[BlackElo "2403"]
[WhiteEngine "Raubfisch ME262_GTZ16d4"]
[BlackEngine "SF9 ''M24''_CTG"]
[EventType "Swiss"]
[WhiteTeam ""]
[BlackTeam ""]
[PlyCount "95"]
[TimeControl "720+1"]

1. e4 e5 2. Nf3 Nc6 3. Bc4 Bc5 4. d3 Nf6 5. O-O d6 6. Re1 O-O 7. c3 a5 
8. Bb3 Be6 9. Bg5 Bxb3 10. axb3 h6 11. Bh4 g5 12. Bg3 Re8 13. Nbd2 b5 
14. Nf1 Qd7 15. h3 Rad8 16. Ne3 Bxe3 17. Rxe3 Ra8 18. Re1 Kg7 19. Qd2 Qe6 
20. d4 exd4 21. e5 dxe5 22. Nxe5 Rad8 23. Nxc6 Qxc6 24. Rxe8 Rxe8 25. Qxd4 Re4 
26. Qd3 Qb6 27. Kf1 c6 28. Rd1 a4 29. f3 Re7 30. Bf2 Qb8 31. bxa4 bxa4 
32. Qc2 Nh5 33. Kg1 Nf4 34. Qxa4 Ne2+ 35. Kh1 Qxb2 36. Qxc6 Nf4 37. Kg1 Re2 
38. Qc4 Qc2 39. Qd4+ Kh7 40. Ra1 Ne6 41. Qa7 Kg6 42. Re1 Rd2 43. Qe3 Nf4 
44. c4 Ne2+ 45. Kf1 Nf4 46. Kg1 Ne2+ 47. Kf1 Nf4 48. Kg1 1/2-1/2

[Event "Thursday 05 April Rapid Engine Tour 12+1 Rounds 9 Starts 1600ST"]
[Site "Infinity Chess"]
[Date "2018.4.5"]
[Round "1"]
[White "star99"]
[Black "hafaba"]
[Result "1/2-1/2"]
[ECO "A46"]
[WhiteElo "2403"]
[BlackElo "2471"]
[WhiteEngine "Cryptic Heroes 9.3B"]
[BlackEngine "Eman 1.70-beta15 64-bit POPCNT"]
[EventType "Swiss"]
[WhiteTeam ""]
[BlackTeam ""]
[PlyCount "124"]
[TimeControl "720+1"]

1. d4 Nf6 2. Nf3 e6 3. c4 d5 4. Nc3 c6 5. e3 a6 6. c5 Nbd7 7. Bd3 e5 
8. Nxe5 Nxe5 9. dxe5 Ng4 10. Na4 Nxe5 11. O-O g6 12. Bc2 Be6 13. b3 Bg7 
14. Bb2 Qh4 15. f3 O-O 16. Qe1 Qh6 17. Rd1 Bf5 18. Bxf5 gxf5 19. Bd4 Rfe8 
20. Qd2 Nd7 21. Nb2 Be5 22. g3 Qg7 23. Qb4 f4 24. exf4 Bxd4+ 25. Qxd4 Qxd4+ 
26. Rxd4 Re2 27. Rf2 Re1+ 28. Kg2 Nxc5 29. Rc2 Rae8 30. Rdd2 Ne6 31. Nd3 Ra1 
32. g4 Kg7 33. f5 Nd4 34. Rc1 Rxc1 35. Nxc1 Re1 36. Rxd4 Rxc1 37. Rd2 Kf6 
38. Kg3 Rh1 39. Kf4 h6 40. Kg3 b6 41. h4 a5 42. Re2 d4 43. Re8 a4 44. Rb8 Ke7 
45. Kf4 axb3 46. axb3 Re1 47. f6+ Kxf6 48. Rxb6 Re6 49. Rb7 Rd6 50. Ra7 Ke6 
51. Ke4 d3 52. Ra1 d2 53. Rd1 c5 54. Ke3 Rb6 55. Kxd2 Rxb3 56. Ke2 Ke5 
57. Rd2 Kf4 58. Rd7 Rb2+ 59. Kd3 Kxf3 60. g5 hxg5 61. Rxf7+ Kg4 62. hxg5 Kxg5 
1/2-1/2

[Event "Thursday 05 April Rapid Engine Tour 12+1 Rounds 9 Starts 1600ST"]
[Site "Infinity Chess"]
[Date "2018.4.5"]
[Round "1"]
[White "SkyPilot"]
[Black "KQRBNP"]
[Result "1/2-1/2"]
[ECO "E10"]
[WhiteElo "2481"]
[BlackElo "2407"]
[WhiteEngine "stockfish_x64_bmi2_2018_03_30_CTG"]
[BlackEngine "Eman 1.70-beta15 64-bit POPCNT"]
[EventType "Swiss"]
[WhiteTeam ""]
[BlackTeam ""]
[PlyCount "113"]
[TimeControl "720+1"]

1. d4 Nf6 2. c4 e6 3. Nf3 d5 4. Nc3 c6 5. Bg5 h6 6. Bh4 dxc4 7. e4 g5 8. Bg3 b5 
9. Be2 Bb7 10. h4 g4 11. Ne5 Nbd7 12. Nxd7 Qxd7 13. Be5 Qe7 14. O-O Rg8 
15. b3 Rd8 16. Qc2 Nh5 17. bxc4 b4 18. Na4 Qxh4 19. g3 Qg5 20. c5 Bg7 
21. Bxg7 Rxg7 22. Rfd1 f5 23. exf5 exf5 24. Re1 Re7 25. Nb2 f4 26. Bd3 fxg3 
27. fxg3 Rxd4 28. Qf2 Rdd7 29. Nc4 Rxd3 30. Nd6+ Kd8 31. Qf8+ Kd7 32. Rxe7+ Qxe7 
33. Qf5+ Kc7 34. Qxd3 Ba6 35. Qb3 Nf6 36. Qb2 Qe3+ 37. Qf2 Qxf2+ 38. Kxf2 Nd7 
39. Ne4 Bc4 40. Ke3 Bd5 41. Kd4 Bxe4 42. Kxe4 Nxc5+ 43. Kd4 Nb7 44. Rh1 Nd6 
45. Kc5 a5 46. Rxh6 Ne4+ 47. Kc4 Nxg3 48. Kd3 Nf5 49. Rg6 Ne7 50. Rxg4 Nd5 
51. Rg7+ Kd6 52. Ra7 a4 53. Rxa4 b3 54. axb3 Kc5 55. Rh4 Nb4+ 56. Ke3 Kb5 
57. Rh1 1/2-1/2

[Event "Thursday 05 April Rapid Engine Tour 12+1 Rounds 9 Starts 1600ST"]
[Site "Infinity Chess"]
[Date "2018.4.5"]
[Round "1"]
[White "CrapCleaner"]
[Black "THE_MACHINE"]
[Result "1/2-1/2"]
[ECO "C55"]
[WhiteElo "2423"]
[BlackElo "2487"]
[WhiteEngine "Raubfisch ME262_GTZ16e2_CTG"]
[BlackEngine "BrainFish_180404_x64_bmi2"]
[EventType "Swiss"]
[WhiteTeam ""]
[BlackTeam ""]
[PlyCount "66"]
[TimeControl "720+1"]

1. e4 e5 2. Nf3 Nc6 3. Bc4 Nf6 4. d3 Bc5 5. c3 d6 6. O-O O-O 7. h3 a5 
8. Nbd2 Be6 9. Bb5 h6 10. Re1 Qb8 11. Nf1 Qa7 12. Re2 a4 13. Ng3 Qa5 
14. Bxc6 bxc6 15. Nh4 Rfe8 16. Re1 d5 17. exd5 cxd5 18. Rxe5 Bf8 19. Qc2 c5 
20. Re2 Qb5 21. Be3 d4 22. c4 Qd7 23. Bd2 Bxh3 24. Rxe8 Rxe8 25. gxh3 Qxh3 
26. Ng2 Ng4 27. Re1 Qh2+ 28. Kf1 Qh1+ 29. Nxh1 Nh2+ 30. Kg1 Nf3+ 31. Kf1 Nh2+ 
32. Kg1 Nf3+ 33. Kf1 Nh2+ 1/2-1/2

[Event "Thursday 05 April Rapid Engine Tour 12+1 Rounds 9 Starts 1600ST"]
[Site "Infinity Chess"]
[Date "2018.4.5"]
[Round "1"]
[White "Eman"]
[Black "Time_bandit"]
[Result "1/2-1/2"]
[ECO "D26"]
[WhiteElo "2497"]
[BlackElo "2426"]
[WhiteEngine "Eman 1.70-beta15 64-bit POPCNT"]
[BlackEngine "asmFishW_2018-02-02_popcnt"]
[EventType "Swiss"]
[WhiteTeam ""]
[BlackTeam ""]
[PlyCount "107"]
[TimeControl "720+1"]

1. d4 d5 2. c4 dxc4 3. Nf3 Nf6 4. e3 e6 5. Bxc4 c5 6. O-O a6 7. b3 cxd4 
8. Nxd4 Bd6 9. Nd2 O-O 10. Bb2 e5 11. Ne2 Bb4 12. Nc3 Bf5 13. a3 Bxc3 
14. Bxc3 Nc6 15. b4 Rc8 16. Rc1 Qe7 17. Qe2 b5 18. Ba2 Rfd8 19. Rfd1 Bd3 
20. Qe1 Nd5 21. Ba1 Nb6 22. h3 h6 23. Rc5 Na4 24. Rcc1 Nb6 25. Bb3 Qe8 
26. Rc5 Na4 27. Bxa4 bxa4 28. Nc4 Bxc4 29. Rxc4 f6 30. Rc5 Na7 31. Kh2 Qe6 
32. Bb2 Rxd1 33. Qxd1 Qb3 34. Qd7 Rxc5 35. bxc5 Nb5 36. Qd8+ Kh7 37. Qd2 Qc4 
38. Qd7 Qxc5 39. Qd3+ Kg8 40. Qd8+ Kf7 41. Qd7+ Qe7 42. Qd5+ Qe6 43. Qb7+ Kg6 
44. Qe4+ Qf5 45. Qxa4 Qxf2 46. Qg4+ Kh7 47. Qe4+ Kg8 48. Qd5+ Kh7 49. Qd3+ Kg8 
50. Qd8+ Kf7 51. Qd7+ Kg8 52. Qd8+ Kf7 53. Qd7+ Kg8 54. Qd8+ 1/2-1/2

[Event "Thursday 05 April Rapid Engine Tour 12+1 Rounds 9 Starts 1600ST"]
[Site "Infinity Chess"]
[Date "2018.4.5"]
[Round "1"]
[White "Mr Aj"]
[Black "MarioDeMonti"]
[Result "1/2-1/2"]
[ECO "A05"]
[WhiteElo "2431"]
[BlackElo "2502"]
[WhiteEngine "Houdini 6"]
[BlackEngine "stockfish_x64_bmi2_2018_02_18_CTG"]
[EventType "Swiss"]
[WhiteTeam ""]
[BlackTeam ""]
[PlyCount "111"]
[TimeControl "720+1"]

1. Nf3 Nf6 2. d4 d5 3. c4 c6 4. e3 Bf5 5. Nc3 e6 6. Nh4 Bg6 7. Nxg6 hxg6 
8. Bd2 Nbd7 9. c5 e5 10. b4 Be7 11. g3 exd4 12. exd4 Ne4 13. Nxe4 dxe4 
14. Be3 O-O 15. a4 Nf6 16. Qb3 Qd7 17. Bg2 Nd5 18. O-O Bf6 19. Rad1 Rfe8 
20. Rfe1 a6 21. b5 cxb5 22. axb5 axb5 23. Bd2 Ra4 24. Bxe4 Nc7 25. Bxb7 Bxd4 
26. Be3 Re5 27. Bxd4 Rxd4 28. Rxe5 Rxd1+ 29. Kg2 Rd3 30. Qb2 Nd5 31. Bxd5 Rxd5 
32. Qe2 b4 33. Re8+ Kh7 34. Rb8 Rh5 35. h4 Rxc5 36. Rxb4 Qd5+ 37. Qf3 Qa2 
38. Rf4 f6 39. Qb7 f5 40. Rd4 Rc1 41. Rd7 Qa1 42. h5 Qf6 43. Qf3 gxh5 
44. Qxh5+ Kg8 45. Qf3 Qc6 46. Qxc6 Rxc6 47. f3 Rc2+ 48. Kh3 Rc3 49. f4 Kh7 
50. Kh4 Rc5 51. Kg5 Rc3 52. g4 fxg4 53. Kxg4 Rc5 54. Re7 Kg6 55. Re6+ Kf7 
56. Ra6 1/2-1/2

[Event "Thursday 05 April Rapid Engine Tour 12+1 Rounds 9 Starts 1600ST"]
[Site "Infinity Chess"]
[Date "2018.4.5"]
[Round "1"]
[White "Murx"]
[Black "localhero"]
[Result "1/2-1/2"]
[ECO "C45"]
[WhiteElo "2507"]
[BlackElo "2431"]
[WhiteEngine "BrainFish_180404_x64_modern"]
[BlackEngine "asmFishW_2017-10-04_popcnt"]
[EventType "Swiss"]
[WhiteTeam ""]
[BlackTeam ""]
[PlyCount "86"]
[TimeControl "720+1"]

1. e4 e5 2. Nf3 Nc6 3. d4 exd4 4. Nxd4 Nf6 5. Nxc6 bxc6 6. e5 Qe7 7. Qe2 Nd5 
8. c4 Ba6 9. b3 g6 10. g3 Bg7 11. Bb2 O-O 12. Bh3 f6 13. e6 f5 14. O-O Qxe6 
15. Qxe6+ dxe6 16. Bxg7 Kxg7 17. cxd5 Bxf1 18. Bxf1 cxd5 19. Nc3 c5 20. Rc1 Rac8 
21. Na4 c4 22. bxc4 dxc4 23. Bxc4 Rc6 24. Nb2 Rd8 25. Re1 Rd2 26. Rb1 Rxb2 
27. Rxb2 Rxc4 28. Rb7+ Kf6 29. Rxa7 h5 30. h4 f4 31. Kg2 fxg3 32. Kxg3 e5 
33. Ra6+ Kf5 34. Ra7 g5 35. hxg5 Kxg5 36. a4 Rc3+ 37. Kg2 Ra3 38. a5 e4 
39. a6 e3 40. fxe3 Rxe3 41. Rb7 Ra3 42. a7 Kf4 43. Kf2 Ra2+ 1/2-1/2

[Event "Thursday 05 April Rapid Engine Tour 12+1 Rounds 9 Starts 1600ST"]
[Site "Infinity Chess"]
[Date "2018.4.5"]
[Round "1"]
[White "Thinker"]
[Black "Brtroy"]
[Result "1/2-1/2 "]
[ECO "C50"]
[WhiteElo "2438"]
[BlackElo "2514"]
[WhiteEngine "BrainFish_180329_x64_modern_CTG"]
[BlackEngine "Stockfish_18040103_x64_bmi2_CTG"]
[EventType "Swiss"]
[WhiteTeam ""]
[BlackTeam ""]
[PlyCount "172"]
[TimeControl "720+1"]

1. e4 e5 2. Nf3 Nc6 3. Bc4 Bc5 4. O-O Nf6 5. d3 a5 6. c3 d6 7. Re1 Ba7 
8. Nbd2 O-O 9. h3 h6 10. a4 Be6 11. Bxe6 fxe6 12. Nf1 d5 13. Qc2 Nh5 
14. N1h2 Qd6 15. Ng4 Rad8 16. Ra3 Bc5 17. Ra1 d4 18. Qb3 Rxf3 19. gxf3 b6 
20. Kh1 Ne7 21. f4 exf4 22. Bd2 Ng6 23. Qd1 Kh7 24. Nh2 Nf6 25. Nf3 e5 
26. Kg2 dxc3 27. Bxc3 Qe7 28. Rc1 Rd6 29. Rc2 Nd7 30. Kh2 Nh4 31. Rg1 Nxf3+ 
32. Qxf3 Rf6 33. Qg4 g6 34. Qg2 Rd6 35. Qf3 c6 36. Rb1 Rf6 37. Re1 h5 
38. Rb1 Rf8 39. Be1 Nb8 40. Rc4 Na6 41. Rbc1 Ra8 42. Qg2 Rg8 43. Qf3 Ra8 
44. Qg2 Rc8 45. Qf3 Qf6 46. Bd2 Rd8 47. R4c2 Rd7 48. Bxa5 bxa5 49. Rxc5 Nxc5 
50. Rxc5 Qd6 51. Rc3 Kh6 52. Qd1 Qf6 53. Rc1 f3 54. Qd2+ Qf4+ 55. Qxf4+ exf4 
56. Rxc6 Rxd3 57. Rc3 Rd2 58. Rxf3 Rxb2 59. Rxf4 Rb4 60. Rf6 Rxe4 61. Ra6 Rxa4 
62. f4 Rxf4 63. Rxa5 h4 64. Ra1 g5 65. Ra2 Rb4 66. Ra6+ Kh5 67. Ra2 Rc4 
68. Ra1 Kh6 69. Ra5 Rc2+ 70. Kg1 Rc1+ 71. Kg2 Re1 72. Ra2 Kh5 73. Ra5 Kh6 
74. Ra2 Kh5 75. Ra5 Re2+ 76. Kg1 Kg6 77. Ra1 Kf5 78. Ra5+ Kg6 79. Ra3 Re1+ 
80. Kh2 Rd1 81. Ra5 Rd2+ 82. Kg1 Rd3 83. Kh2 Rf3 84. Ra6+ Kh5 85. Ra8 Rf5 
86. Ra1 Rb5 1/2-1/2

[Event "Thursday 05 April Rapid Engine Tour 12+1 Rounds 9 Starts 1600ST"]
[Site "Infinity Chess"]
[Date "2018.4.5"]
[Round "1"]
[White "xeonrocks"]
[Black "Prometheus"]
[Result "1/2-1/2"]
[ECO "C58"]
[WhiteElo "2551"]
[BlackElo "2447"]
[WhiteEngine "Stockfish_x64_bmi2_CTG"]
[BlackEngine "Eman 1.70-beta15 64-bit BMI2"]
[EventType "Swiss"]
[WhiteTeam ""]
[BlackTeam ""]
[PlyCount "141"]
[TimeControl "720+1"]

1. e4 e5 2. Nf3 Nc6 3. Bc4 Nf6 4. Ng5 d5 5. exd5 Na5 6. Bb5+ c6 7. dxc6 bxc6 
8. Be2 h6 9. Nh3 Nb7 10. O-O Bc5 11. d3 O-O 12. Nc3 Bd4 13. Bf3 Rb8 14. Ne2 Bb6 
15. b3 Qc7 16. Kh1 Nd6 17. Bb2 Nf5 18. Ng3 Nd4 19. Ng1 Rd8 20. Be4 Nxe4 
21. Nxe4 f5 22. Ng3 c5 23. Nf3 Re8 24. Re1 g6 25. Nd2 h5 26. Ne2 Bb7 27. f3 Qg7 
28. Nxd4 cxd4 29. Nc4 Bc7 30. Re2 g5 31. Qf1 g4 32. Rae1 gxf3 33. gxf3 Kh7 
34. Rg2 Qh6 35. Qe2 h4 36. Reg1 Rg8 37. Nd2 Rxg2 38. Qxg2 Bd5 39. Bc1 Rg8 
40. Qh3 Rxg1+ 41. Kxg1 Kg6 42. Qf1 h3 43. Qf2 Ba5 44. Kf1 Qf4 45. a3 Bd8 
46. Qg3+ Qxg3 47. hxg3 Bg5 48. Kg1 Be3+ 49. Kh2 Bxd2 50. Bxd2 Bxf3 51. Kxh3 e4 
52. dxe4 fxe4 53. g4 e3 54. Bc1 Bd1 55. c3 dxc3 56. Bxe3 Bxb3 57. Kg3 c2 
58. Bd2 Ba4 59. Kf3 Bc6+ 60. Ke2 Bd7 61. Be3 Kf7 62. g5 a6 63. Kd2 Bf5 
64. Kc3 Kg6 65. Kd4 a5 66. a4 Bd7 67. Kc3 Bxa4 68. Kb2 Kf5 69. g6 Kf6 
70. g7 c1=Q+ 71. Bxc1 1/2-1/2

[Event "Thursday 12 April, Rapid Engine Tour, 12+2, rd 6+7 Chess960, 16.00 ST"]
[Site "Infinity Chess"]
[Date "2018.4.12"]
[Round "7"]
[White "ocirema"]
[Black "angriff"]
[Result "1/2-1/2 "]
[ECO "C20"]
[WhiteElo "2440"]
[BlackElo "2368"]
[WhiteEngine "asmFishW_2018-04-11_popcnt"]
[BlackEngine "DracoREX 3.07 64BIT POPCNT_CTG"]
[EventType "Swiss"]
[WhiteTeam ""]
[BlackTeam ""]
[PlyCount "114"]
[TimeControl "720+2"]

1. e4 e5 2. f3 f6 3. d4 c6 4. dxe5 fxe5 5. Bf2 Bf7 6. Nd3 Bc7 7. O-O O-O 
8. c3 a5 9. Ne3 d6 10. Bc2 Ne6 11. a4 Ne7 12. Qd2 Kh8 13. Rfe1 Bg8 14. Rab1 Qg6 
15. Kh1 Qh6 16. Nf1 Qf6 17. b4 axb4 18. Rxb4 Nd8 19. Be3 Nc8 20. Rbb1 Ba2 
21. Rb2 Bg8 22. Ng3 c5 23. Reb1 b6 24. Nf2 Be6 25. Ng4 Qf7 26. Bg5 Qg6 
27. Bh4 Bxg4 28. fxg4 Qxg4 29. Nf5 Ne6 30. h3 Qg6 31. Rf1 Bd8 32. Bg3 Qe8 
33. Qd1 Nf4 34. Bb3 Bf6 35. Rbf2 g5 36. Ne3 b5 37. axb5 Qxb5 38. Bh2 Ra3 
39. Bc2 Ne7 40. Qd2 Ng8 41. Rd1 Be7 42. Nf5 Rd8 43. Qe1 Qc4 44. Rf3 Qe6 
45. Rf1 Rda8 46. Rb1 Qc4 47. Bxf4 gxf4 48. Rb7 Qe6 49. c4 Qf6 50. Qe2 Bf8 
51. Rfb1 Ra2 52. R1b3 Ne7 53. Rd7 Nxf5 54. exf5 R8a7 55. Rxa7 Rxa7 56. Rb8 Ra2 
57. Qd3 Kg7 1/2-1/2

[Event "Thursday 12 April, Rapid Engine Tour, 12+2, rd 6+7 Chess960, 16.00 ST"]
[Site "Infinity Chess"]
[Date "2018.4.12"]
[Round "7"]
[White "Murx"]
[Black "Deep_Impact"]
[Result "1/2-1/2 "]
[ECO "D00"]
[WhiteElo "2453"]
[BlackElo "2400"]
[WhiteEngine "asmFishW_2018-04-07_popcnt"]
[BlackEngine "asmFishW_2018-04-07_bmi2"]
[EventType "Swiss"]
[WhiteTeam ""]
[BlackTeam ""]
[PlyCount "21"]
[TimeControl "720+2"]

1. d4 d5 2. f3 h5 3. e4 dxe4 4. fxe4 h4 5. h3 c5 6. dxc5 b6 7. Nd3 Qc6 
8. e5 bxc5 9. c4 Ne6 10. Bh2 Nb6 11. O-O 1/2-1/2